 Dungeon Crawl Stone Soup version 0.28.0-53-g5a82cb258f (webtiles) character file.

Game seed: 14669587541038395050

4 Stomo the Skirmisher (level 1, -1/16 HPs)
             Began as a Demonspawn Fighter on July 2, 2022.
             Was a Follower of Hepliaklqana.
             Succumbed to a goblin's poison
             ... on level 1 of the Dungeon.
             The game lasted 00:00:23 (170 turns).

Stomo the Skirmisher (Demonspawn Fighter)            Turns: 170, Time: 00:00:24

Health: -1/16      AC:  6    Str: 16    XL:     1   Next: 58%
Magic:  1/1        EV:  9    Int:  9    God:    Hepliaklqana [*.....]
Gold:   12         SH:  0    Dex: 12    Spells: 0/0 levels left

rFire   . . .      SeeInvis .   a - +0 flail
rCold   . . .      Faith    .   (no shield)
rNeg    . . .      Spirit   .   b - +0 scale mail
rPois   .          Reflect  .   (no helmet)
rElec   .          Harm     .   (no cloak)
rCorr   .          Rampage  .   (no gloves)
Will    .....                   (no boots)
Stlth   ..........              (no amulet)
HPRegen 0.05/turn               (no ring)
MPRegen 0.07/turn               (no ring)

@: lethally poisoned (-1 -> -12)
A: reduced essence
a: Renounce Religion, Recall Ancestor, Ancestor Identity


You were on level 1 of the Dungeon.
You worshipped Hepliaklqana.
Hepliaklqana was aware of your devotion.
You visited 1 branch of the dungeon, and saw 1 of its levels.

You collected 12 gold pieces.

Inventory:

Hand Weapons
 a - a +0 flail (weapon)
Armour
 b - a +0 scale mail (worn)
 c - a +0 buckler
Scrolls
 e - a scroll of teleportation {unknown}
Potions
 d - a potion of might


   Skills:
 + Level 3.0 Fighting
 + Level 1.9 Maces & Flails
 + Level 2.7 Armour
 + Level 0.2 Dodging
 - Level 2.6 Shields


You couldn't memorise any spells.
You didn't know any spells.
Your spell library was empty.

Dungeon Overview and Level Annotations

Branches:
Dungeon (1/15)

Altars:
Hepliaklqana


Message History

You can now remember your ancestor's identity.
You open the large door.
There is a large open door here.
An endoplasm, a kobold, a bat and a goblin come into view.
The goblin is wielding a +1 dagger of venom.
The endoplasm quivers.
The kobold shouts!
There is a large open door here.
There are monsters nearby!
There are monsters nearby!
There are monsters nearby!
You closely miss the bat. The bat hits you but does no damage.
The bat hits you but does no damage. The bat hits you but does no damage.
The goblin hits you but does no damage.
You hit the goblin.
The goblin is severely wounded.
The bat barely misses you.
The bat hits Thabo.
The goblin closely misses you.
The bat barely misses Thabo.
Thabo barely misses the bat.
The kobold hits you with a +0 dagger. The goblin hits you but does no damage.
You are poisoned.
You closely miss the goblin.
The goblin is moderately wounded.
You feel sick. The bat hits you but does no damage.
The bat hits Thabo.
The endoplasm closely misses you. The kobold hits you with a +0 dagger.
The bat barely misses Thabo.
The goblin hits you with a +1 dagger of venom.
You are lethally poisoned!
Thabo closely misses the bat.
You hit the goblin.
You kill the goblin!
* * * LOW HITPOINT WARNING * * *
You feel very sick.
The bat hits Thabo.
The bat misses Thabo.
The endoplasm closely misses you. The kobold hits you but does no damage.
Thabo closely misses the bat.
The endoplasm hits you but does no damage.
* * * LOW HITPOINT WARNING * * *
You feel sick. The bat hits you but does no damage.
The kobold hits Thabo with a +0 dagger.
Thabo barely misses the kobold.
The endoplasm closely misses you.
You die...

########+######
#.............#
#............$#
#.............#
#.............#
##
#.............#
.#.#
#....KRJ......#
##.#.
#....b........#
#.#.#
########@######
##.≈≈
#####'#########
#.#≈.
#..............
#.≈<
#..............
#.#≈.
#..............
#.≈≈
#..............
#..#.#
#..............
###.#.
#...8.8......(.#
#.#.#
#..8)8.8.......#
##.#.


You could see the friendly Thabo the ancestor, an endoplasm, a bat and a kobold
(ally target).

Vanquished Creatures
  A ball python (D:1)
  A goblin (D:1)
  A kobold (D:1)
  A rat (D:1)
4 creatures vanquished.

Notes
Turn   | Place    | Note
-------+----------+-------------------------------------------
     0 | D:1      | Stomo the Demonspawn Fighter began the quest for the Orb.
     0 | D:1      | Reached XP level 1. HP: 18/18 MP: 1/1
    57 | D:1      | Found a faded altar of an unknown god.
   152 | D:1      | Prayed at the altar of an unknown god.
   152 | D:1      | Became a worshipper of Hepliaklqana the Forgotten
   152 | D:1      | Reached * piety under Hepliaklqana
   170 | D:1      | Succumbed to a goblin's poison

Illustrated notes

Levels and vault maps discovered:
D:1:      ncdulo_watergridlock, layout_basic,
          chequers_ecumenical_altar_simple_redux

Action                   || total
-------------------------++-------
Melee: Flail             ||    10
       Punch             ||     1
Armor: Scale mail        ||    12
Dodge: Dodged            ||     9
